 Dungeon Crawl Stone Soup version 0.28.0-49-g6dfe1f597d (webtiles) character file.

Game seed: 15510907157755319048

14 Paean the Gusty (level 2, -2/11 HPs)
             Began as a Felid Air Elementalist on May 19, 2022.
             Slain by a worm (11 damage)
             ... on level 2 of the Dungeon.
             The game lasted 00:04:48 (858 turns).

Paean the Gusty (Felid Air Elementalist)             Turns: 858, Time: 00:04:49

Health: -2/11      AC:  1    Str:  4    XL:     2   Next: 27%
Magic:  3/6        EV: 17    Int: 16    God:
Gold:   35         SH:  0    Dex: 16    Spells: 2/5 levels left
                                        Lives:  0   Deaths: 0

rFire   . . .      SeeInvis +   (weapon unavailable)
rCold   . . .      Faith    .   (shield unavailable)
rNeg    . . .      Spirit   .   (armour unavailable)
rPois   .          Reflect  .   (helmet unavailable)
rElec   .          Harm     .   (cloak unavailable)
rCorr   .          Rampage  .   (gloves unavailable)
Will    .....                   (boots unavailable)
Stlth   ++........              (no amulet)
HPRegen 0.03/turn               (no ring)
MPRegen 0.10/turn               (no ring)

@: quick
A: very small, claws 1, fangs 3, see invisible, speed 1, shaggy fur 1, stealthy
paws, no weapons or thrown items, no armour, multi-lived
a: no special abilities


You were on level 2 of the Dungeon.
You visited 1 branch of the dungeon, and saw 2 of its levels.

You collected 35 gold pieces.

Inventory:

Scrolls
 a - a scroll of immolation {unknown}
 c - a scroll of silence {unknown}


   Skills:
 * Level 0.1 Fighting
 * Level 2.8 Dodging
 * Level 2.8 Stealth
 * Level 0.4 Unarmed Combat
 * Level 2.0 Spellcasting
 * Level 0.9 Conjurations
 * Level 3.1 Air Magic


You had 2 spell levels left.
You knew the following spells:

 Your Spells              Type           Power      Damage    Failure   Level
a - Shock                 Conj/Air       32%        1d5       9%          1
b - Static Discharge      Conj/Air       8%         N/A       14%         2

Your spell library contained the following spells:

 Spells                   Type           Power      Damage    Failure   Level
 Summon Small Mammal      Summ           4%         N/A       21%         1
 Swiftness                Air            11%        N/A       17%         3
 Airstrike                Air            5%         N/A       50%         4
 Call Canine Familiar     Summ           1%         N/A       52%         3
 Summon Guardian Golem    Hex/Summ       1%         N/A       52%         3


Dungeon Overview and Level Annotations

Branches:
Dungeon (2/15)

Altars:


Innate Abilities, Weirdness & Mutations

You have sharp claws.
You have razor-sharp teeth.
You have supernaturally acute eyesight. (SInv)
You cover ground quickly. (Speed+)
You are covered in fur. (AC +1)
Your paws help you pounce on unaware monsters.
You are incapable of wielding weapons or throwing items.
You cannot wear armour.
You gain extra lives every three experience levels.


Message History

You are frozen.
Casting: Static Discharge (safe; 14% risk of failure)
Press: ? - help, Q - select action, (/) - cycle Dir - look around, f - activate The endoplasm is struck by an arc of lightning.
You kill the endoplasm!
The lightning grounds out.
Okay, then.
A gnoll comes into view. It is wielding a +0 spear of venom.
A gnoll comes into view. It is wielding a +0 spear.
The gnoll shouts!
You hear a shout!
A gnoll comes into view. It is wielding a +0 whip.
A gnoll comes into view. It is wielding a +0 spear.
The gnoll shouts! x2
As you read the scroll of teleportation, it crumbles to dust.
You feel strangely unstable.
Your surroundings suddenly seem different.
Found a robe.
A giant cockroach comes into view.
Found a stone staircase leading down.
Casting: Static Discharge (safe; 14% risk of failure)
Press: ? - help, Q - select action, (/) - cycle Dir - look around, f - activate The giant cockroach is struck by an arc of lightning.
You kill the giant cockroach!
The lightning grounds out.
You see here a giant cockroach corpse.
A worm comes into view.
There is a stone staircase leading down here.
Found a scroll labelled HOW WACUTIRA.
You pounce on the unaware helpless worm!
You claw the worm!
The worm is heavily wounded.
The worm misses you.
Casting: Static Discharge (safe; 14% risk of failure)
Press: ? - help, Q - select action, (/) - cycle Dir - look around, f - activate The worm is struck by an arc of lightning.
The worm is severely wounded.
The lightning grounds out.
The worm bites you!
Ouch! That really hurt!
You die...

#.... .. .# #.#
. .# #.# ?#.#
#.# ...# #.#
#..# #.# #..#
#####.# ##w.##
#.....# #.@..#
#.##### #....#
#.#
#....########.#
#...>.....†...#
###############


You could see a worm.

Vanquished Creatures
  2 endoplasms
  A giant cockroach (D:2)
  A goblin (D:1)
  A hobgoblin (D:1)
  A quokka (D:1)
  5 ball pythons
  A bat (D:1)
  A frilled lizard (D:1)
13 creatures vanquished.

Notes
Turn   | Place    | Note
-------+----------+-------------------------------------------
     0 | D:1      | Paean the Felid Air Elementalist began the quest for the
                  | Orb.
     0 | D:1      | Reached XP level 1. HP: 7/7 MP: 4/4
   427 | D:1      | Reached XP level 2. HP: 11/11 MP: 1/6
   475 | D:1      | Learned a level 2 spell: Static Discharge
   526 | D:1      | Reached skill level 3 in Air Magic
   858 | D:2      | Slain by a worm

Illustrated notes

Levels and vault maps discovered:
D:1:      amcnicky_arrival_double_pillar, layout_rooms,
          minmay_misc_feat_ornament, minmay_pentomino_v4
D:2:      layout_basic, grunt_ministairs_7, uniq_natasha

Skill      XL: |  1  2 |
---------------+-------+-----
Air Magic      | 3 |  3.1
Fighting       | |  0.1
Dodging        | |  2.8
Stealth        | |  2.8
Unarmed Combat | |  0.4
Spellcasting   | |  2.0
Conjurations   | |  0.9

Action                   || total
-------------------------++-------
Melee: Unarmed           ||    14
 Cast: Shock             ||    24
       Static Discharge  ||     5
  Use: Scroll            ||     3
       Potion            ||     1
 Stab: Sleeping          ||     4
Armor: Skin              ||     4
Dodge: Dodged            ||    28
